 Dungeon Crawl Stone Soup version 0.30.1 (webtiles) character file.

Game seed: 3385936755758299255

531 javelincjr the Caller (level 7, -10/50 (51) HPs)
             Began as a Gnoll Summoner on July 11, 2023.
             Was an Initiate of Ashenzari.
             Killed by divine providence
             ... invoked by an orc priest
              (16 damage)
             ... on level 5 of the Dungeon.
             The game lasted 00:19:38 (5313 turns).

javelincjr the Caller (Gnoll Summoner)              Turns: 5313, Time: 00:19:38

HP:   -10/50 (51)   AC:  9    Str: 11    XL:     7   Next: 24%
MP:   11/15         EV: 12    Int: 16    God:    Ashenzari [......]
Gold: 246           SH:  0    Dex: 13    Spells: 11/17 levels left

rFire   . . .        p - +2 dagger (elec)
rCold   . . .        (no shield)
rNeg    . . .        n - +1 ring mail of the Camelopard {Str+4}
rPois   +            (no helmet)
rElec   .            (no cloak)
rCorr   .            w - +2 pair of gloves
SInv    +            (no boots)
Will    .....        (no amulet)
Stlth   ++           f - ring of poison resistance
HPRegen 0.28/turn    k - ring of see invisible
MPRegen 0.14/turn

%: no passive effects
@: lightly drained
A: fangs 1, strong nose, distributed training
a: Renounce Religion


You were on level 5 of the Dungeon.
You worshipped Ashenzari.
Ashenzari was noncommittal.
You visited 2 branches of the dungeon, and saw 6 of its levels.

You collected 246 gold pieces.

Inventory:

Hand Weapons
 p - a +2 dagger of electrocution (weapon)
Armour
 n - the +1 ring mail of the Camelopard (worn) {Str+4}
   (You took it off a goblin on level 2 of the Dungeon)

   Str:       It affects your strength (+4).
 u - a +3 leather armour
 w - a +2 pair of gloves (worn)
 z - a +1 scale mail of fire resistance
Magical Staves
 E - a staff of conjuration
Jewellery
 f - a ring of poison resistance (left hand)
 g - a ring of positive energy
 k - a ring of see invisible (right hand)
Wands
 y - a wand of flame (10)
 F - a wand of iceblast (12)
Scrolls
 e - 2 scrolls of fog
 i - 4 scrolls of teleportation
 m - a scroll of enchant weapon {unknown}
 o - 2 scrolls of fear
 q - a scroll of amnesia {unknown}
 s - a scroll of summoning {unknown}
 t - a scroll of vulnerability {unknown}
 v - 2 scrolls of noise
 C - a scroll of poison {unknown}
 D - 2 scrolls of acquirement {unknown}
Potions
 b - a potion of magic
 d - a potion of cancellation {unknown}
 h - 2 potions of attraction
 l - 2 potions of heal wounds
 r - a potion of might {unknown}
 x - 2 potions of curing {unknown}
 A - a potion of flight {unknown}


   Skills:
 + Level 2.4 Fighting
 + Level 2.4 Short Blades
 + Level 2.4 Long Blades
 + Level 2.4 Axes
 + Level 2.4 Maces & Flails
 + Level 2.4 Polearms
 + Level 2.4 Staves
 + Level 2.4 Ranged Weapons
 + Level 2.4 Throwing
 + Level 2.4 Armour
 + Level 5.2 Dodging
 + Level 4.9 Stealth
 + Level 2.4 Shields
 + Level 2.4 Unarmed Combat
 + Level 5.6 Spellcasting
 + Level 2.0 Conjurations
 + Level 2.0 Hexes
 + Level 7.4 Summonings
 + Level 2.0 Necromancy
 + Level 2.0 Translocations
 + Level 2.0 Transmutations
 + Level 2.0 Fire Magic
 + Level 2.0 Ice Magic
 + Level 2.0 Air Magic
 + Level 2.0 Earth Magic
 + Level 2.0 Poison Magic
 + Level 2.7 Invocations
 + Level 2.4 Evocations


You had 11 spell levels left.
You knew the following spells:

 Your Spells              Type           Power      Damage    Failure   Level
a - Summon Small Mammal   Summ           100%       N/A       1%          1
b - Call Imp              Summ           56%        N/A       2%          2
c - Call Canine Familiar  Summ           28%        N/A       4%          3

Your spell library contained the following spells:

 Spells                   Type           Power      Damage    Failure   Level
 Apportation              Tloc           22%        N/A       14%         1
 Necrotise                Necr           44%        1d6       14%         1
 Summon Guardian Golem    Hex/Summ       19%        N/A       14%         3
 Summon Lightning Spire   Summ/Air       19%        N/A       43%         4


Dungeon Overview and Level Annotations

Branches:
Dungeon (5/15)             Temple (1/1) D:5

Altars:
Ashenzari
Cheibriados
Dithmenos
Elyvilon
Fedhas
Kikubaaqudgha
Makhleb
Okawaru
Qazlal
Ru
Sif Muna
Vehumet
Wu Jian
Xom
Yredelemnul
Zin
The Shining One

Shops:
D:2 [

Annotations:
D:5 1 runed translucent door, Taurus's ghost, amateur MiFi


Innate Abilities, Weirdness & Mutations

You have very sharp teeth.
Your uncanny sense of smell can sniff out nearby items.
Your experience applies equally to all skills.


Message History

Your hound bites the orc priest but does no damage.
The orc priest closely misses your hound.
The orc wizard closely misses your cerulean imp.
You are too injured to fight recklessly!
You feel sick.
You are no longer poisoned.
Your hound closely misses the orc priest.
Your cerulean imp hits the orc priest but does no damage.
The orc priest looks encouraged for a moment.
The orc wizard hits your cerulean imp but does no damage.
Your hound barely misses the orc priest.
Your hound dies!
Your hound's corpse disappears in a puff of smoke!
Your cerulean imp hits the orc priest but does no damage.
The orc priest mumbles some strange prayers to Beogh against you.
Beogh smites you!
* * * LOW HITPOINT WARNING * * *
The orc wizard closely misses your cerulean imp.
Casting: Call Canine Familiar (dangerous; 4% risk of failure)
Confirm with . or Enter, or press ? or * to list all spells.
Your cerulean imp hits the orc priest but does no damage.
The orc wizard closely misses your cerulean imp.
You swap places.
Your cerulean imp hits the orc priest with a -2 spear.
Your hound bites the orc priest but does no damage.
The orc priest invokes the aid of Beogh against your hound.
Your hound is smitten.
The orc wizard barely misses your cerulean imp.
Your hound bites the orc priest.
Your cerulean imp barely misses the orc priest.
The orc priest calls down the wrath of Beogh upon your hound.
Your hound writhes in agony.
Your hound dies!
Your hound's corpse disappears in a puff of smoke!
The orc wizard misses your cerulean imp.
The orc priest shouts!
Your cerulean imp hits the orc priest but does no damage.
The orc priest mumbles some strange prayers to Beogh against you.
Beogh smites you!
You die...

..#..#.....# ##)..#∆
.....+~~~~$# #5o#
.....#W.W..# ##o##
.....#########.§#
.....# ##o.## .....#
###..###### .....#
#.........# .(...##
#.........# ......#
#......@..# ......#
#.........#
......####.........#
.........#.).......#
.........).######.###
.........)#######...#
###.#.....##........#
###.#....###.8.8.8..#
.......### #.⌠.⌠.⌠..#


You could see an orc priest.

Vanquished Creatures
  Grinder (D:3)
  A hound (D:4)
  A gnoll (D:5)
  3 adders
  A worm (D:2)
  A dart slug (D:3)
  4 orcs
  5 ball pythons
  3 endoplasms
  A giant cockroach (D:4)
  A hobgoblin (D:4)
  2 quokkas
  A bat (D:2)
  A goblin (D:2)
  2 kobolds
  A rat (D:2)
29 creatures vanquished.

Vanquished Creatures (collateral kills)
  An orc priest (D:4)
  An iguana (D:4)
  2 orc wizards (D:4)
  3 gnolls (D:5)
  2 adders (D:2)
  A worm (D:4)
  4 dart slugs
  9 orcs
  3 ball pythons (D:1)
  5 endoplasms
  5 giant cockroaches
  4 goblins
  A hobgoblin (D:1)
  3 kobolds
  3 quokkas
  A bat (D:3)
  3 frilled lizards
  5 rats
56 creatures vanquished.

Grand Total: 85 creatures vanquished

Notes
Turn   | Place    | Note
-------+----------+-------------------------------------------
     0 | D:1      | javelincjr the Gnoll Summoner began the quest for the Orb.
     0 | D:1      | Reached XP level 1. HP: 13/13 MP: 6/6
   165 | D:1      | Reached XP level 2. HP: 19/19 MP: 4/7
   231 | D:1      | Learned a level 2 spell: Call Imp
   744 | D:1      | Reached skill level 5 in Spellcasting
   744 | D:1      | Reached XP level 3. HP: 25/25 MP: 5/9
   748 | D:1      | Learned a level 3 spell: Call Canine Familiar
  1465 | D:2      | Found Titis's Armour Emporium.
  1736 | D:2      | Reached skill level 1 in Invocations
  1752 | D:2      | Identified the +1 ring mail of the Camelopard {Str+4}
  1872 | D:2      | Reached skill level 1 in Fighting
  1872 | D:2      | Reached skill level 1 in Short Blades
  1872 | D:2      | Reached skill level 1 in Long Blades
  1872 | D:2      | Reached skill level 1 in Axes
  1872 | D:2      | Reached skill level 1 in Maces & Flails
  1872 | D:2      | Reached skill level 1 in Polearms
  1872 | D:2      | Reached skill level 1 in Staves
  1872 | D:2      | Reached skill level 1 in Ranged Weapons
  1872 | D:2      | Reached skill level 1 in Throwing
  1872 | D:2      | Reached skill level 1 in Armour
  1872 | D:2      | Reached skill level 1 in Shields
  1872 | D:2      | Reached skill level 1 in Unarmed Combat
  1872 | D:2      | Reached skill level 1 in Evocations
  2045 | D:2      | Reached XP level 4. HP: 32/32 MP: 2/11
  2119 | D:2      | Found a shimmering altar of Xom.
  2289 | D:2      | Reached skill level 1 in Conjurations
  2289 | D:2      | Reached skill level 1 in Hexes
  2289 | D:2      | Reached skill level 1 in Necromancy
  2289 | D:2      | Reached skill level 1 in Translocations
  2289 | D:2      | Reached skill level 1 in Transmutations
  2289 | D:2      | Reached skill level 1 in Fire Magic
  2289 | D:2      | Reached skill level 1 in Ice Magic
  2289 | D:2      | Reached skill level 1 in Air Magic
  2289 | D:2      | Reached skill level 1 in Earth Magic
  2289 | D:2      | Reached skill level 1 in Poison Magic
  2696 | D:3      | You fall into a shaft and drop 2 floors!
  2696 | D:5      | Entered Level 5 of the Dungeon
  3355 | D:3      | Noticed Grinder
  3372 | D:3      | Paralysed by Grinder for 4 turns
  3377 | D:3      | Killed Grinder
  3378 | D:3      | Reached skill level 5 in Dodging
  3378 | D:3      | Reached XP level 5. HP: 31/38 MP: 6/12
  3378 | D:3      | Reached XP level 6. HP: 36/44 MP: 7/14
  4426 | D:4      | Reached XP level 7. HP: 45/50 MP: 9/15
  5002 | D:5      | Found a runed translucent door.
  5013 | D:5      | Noticed Taurus's ghost (amateur MiFi)
  5212 | D:5      | Found a staircase to the Ecumenical Temple.
  5242 | Temple   | Entered the Ecumenical Temple
  5252 | Temple   | Became a worshipper of Ashenzari the Shackled
  5313 | D:5      | Killed from afar by an orc priest

Illustrated notes

Levels and vault maps discovered:
D:1:      minmay_arrival_checkered_box, layout_basic
D:2:      layout_basic, serial_shops, shop, basic_altar
D:3:      minmay_general_purpose_star, layout_basic, uniq_grinder
D:4:      layout_rooms
D:5:      layout_basic, minmay_temple_entry_drinking_statues,
          ebering_ghost_reflecting_pool, uniq_crazy_yiuf_cottage
Temple:   sentei_temple_godly_chess

Skill      XL: |  1  2  3  4  5  6  7 |
---------------+----------------------+-----
Spellcasting   | 5 |  5.6
Invocations    | 1 2 |  2.7
Fighting       | 1 2 |  2.4
Short Blades   | 1 2 |  2.4
Long Blades    | 1 2 |  2.4
Axes           | 1 2 |  2.4
Maces & Flails | 1 2 |  2.4
Polearms       | 1 2 |  2.4
Staves         | 1 2 |  2.4
Ranged Weapons | 1 2 |  2.4
Throwing       | 1 2 |  2.4
Armour         | 1 2 |  2.4
Shields        | 1 2 |  2.4
Unarmed Combat | 1 2 |  2.4
Evocations     | 1 2 |  2.4
Conjurations   | 1 2 |  2.0
Hexes          | 1 2 |  2.0
Necromancy     | 1 2 |  2.0
Translocations | 1 2 |  2.0
Transmutations | 1 2 |  2.0
Fire Magic     | 1 2 |  2.0
Ice Magic      | 1 2 |  2.0
Air Magic      | 1 2 |  2.0
Earth Magic    | 1 2 |  2.0
Poison Magic   | 1 2 |  2.0
Dodging        | 5 |  5.2
Stealth        | |  4.9
Summonings     | |  7.4

Action                     |  1- 3 |  4- 6 |  7- 9 || total
---------------------------+-------+-------+-------++-------
  Melee: Dagger            |    56 |    45 |    24 ||   125
         Bite              |     9 |     5 |     2 ||    16
         Punch             |     1 |       |       ||     1
   Cast: Summon Small Mamm |    32 |     7 |     9 ||    48
         Call Imp          |    10 |    15 |    10 ||    35
         Call Canine Famil |     6 |    16 |    10 ||    32
    Use: Scroll            |       |       |     9 ||     9
   Stab: Sleeping          |     1 |     1 |       ||     2
         Distracted        |       |       |     1 ||     1
 Armour: Robe              |     5 |       |       ||     5
         Ring mail         |     3 |    23 |     5 ||    31
  Dodge: Dodged            |    30 |    26 |    15 ||    71
